 Dungeon Crawl Stone Soup version 0.19.0-19-g8c6edcc (webtiles) character file.

6241 Dioneo the Blocker (level 11, -2/80 (81) HPs)
             Began as a Formicid Fighter on Nov 14, 2016.
             Was a Believer of Ru.
             Slain by an iguana (4 damage)
             ... on level 10 of the Dungeon.
             The game lasted 00:31:31 (12146 turns).

Dioneo the Blocker (Formicid Fighter)              Turns: 12146, Time: 00:31:32

HP:   -2/80 (81)    AC: 16    Str: 24    XL:     11   Next: 15%
MP:   11/11         EV:  2    Int:  7    God:    Ru [**....]
Gold: 130           SH:  0    Dex: 13    Spells: 0 memorised, 10 levels left

rFire  . . .     SeeInvis +     a - +0 long sword
rCold  . . .     Gourm    .     w - +0 plate armour
rNeg   + + +     Faith    .     c - +0 shield
rPois  ∞         Spirit   .     (helmet unavailable)
rElec  .         Reflect  .     x - +0 cloak
rCorr  .         Harm     .     k - +1 pair of gloves
MR     +....                    o - +0 pair of boots
Stlth  ..........               (no amulet)
                                h - +1 ring of evasion
                                b - +2 ring of strength

@: petrified
A: permanent stasis, dig shafts and tunnels, four strong arms, antennae 3,
inability to train dodging, missing an eye
a: Dig, Shaft Self, Renounce Religion


You were on level 10 of the Dungeon.
You worshipped Ru.
Ru was pleased with you.
You were hungry.

You visited 2 branches of the dungeon, and saw 11 of its levels.

You collected 460 gold pieces.
You spent 330 gold pieces at shops.

Inventory:

Hand Weapons
 a - a +0 long sword (weapon)
Missiles
 v - 5 tomahawks (quivered)
Armour
 c - a +0 shield (worn)
 k - a +1 pair of gloves (worn)
 o - a +0 pair of boots (worn)
 w - a +0 plate armour (worn)
 x - a +0 cloak (worn)
Jewellery
 b - a +2 ring of strength (left hand)
 h - a +1 ring of evasion (right hand)
 l - an uncursed ring of wizardry
Wands
 u - a wand of flame (20/48)
 y - a wand of slowing (13/48)
 D - a wand of lightning (9/15)
 G - a wand of paralysis (14/24)
 J - a wand of iceblast (1/15)
Scrolls
 e - a scroll of enchant armour
 j - 2 scrolls of fear
 n - 2 scrolls of amnesia
 q - 2 scrolls of remove curse
 r - 3 scrolls of immolation
 t - a scroll of recharging
 C - a scroll of holy word
 H - a scroll of noise {unknown}
 K - a scroll of magic mapping {unknown}
Potions
 i - 2 potions of brilliance
 m - a potion of magic
 p - a potion of resistance
 s - 5 potions of curing
 A - 2 potions of mutation
 B - 2 potions of lignification
Books
 d - a book of Maledictions

   Spells                             Type                      Level
   a - Corona                         Hexes                        1
   b - Ensorcelled Hibernation        Hexes/Ice                    2
   c - Confuse                        Hexes                        3
   d - Tukima's Dance                 Hexes                        3
   e - Dazzling Spray                 Conjuration/Hexes            3
 F - a book of Necromancy

   Spells                             Type                      Level
   a - Pain                           Necromancy                   1
   b - Animate Skeleton               Necromancy                   1
   c - Vampiric Draining              Necromancy                   3
   d - Regeneration                   Charms/Necromancy            3
   e - Animate Dead                   Necromancy                   4
   f - Control Undead                 Necromancy                   4
 I - a book of Callings

   Spells                             Type                      Level
   a - Summon Small Mammal            Summoning                    1
   b - Call Imp                       Summoning                    2
   c - Call Canine Familiar           Summoning                    3
   d - Summon Guardian Golem          Hexes/Summoning              3
   e - Summon Lightning Spire         Summoning/Air                4
   f - Summon Ice Beast               Ice/Summoning                4
 L - a book of Minor Magic

   Spells                             Type                      Level
   a - Magic Dart                     Conjuration                  1
   b - Blink                          Translocation                2
   c - Call Imp                       Summoning                    2
   d - Repel Missiles                 Charms/Air                   2
   e - Slow                           Hexes                        2
   f - Conjure Flame                  Conjuration/Fire             3
   g - Mephitic Cloud                 Conjuration/Poison/Air       3
 M - the Compendium of the Snowflakes and Necromancy
   (You found it on level 9 of the Dungeon)

   Spells                             Type                      Level
   a - Ensorcelled Hibernation        Hexes/Ice                    2
   b - Corpse Rot                     Necromancy                   2
   c - Ozocubu's Armour               Charms/Ice                   3
   d - Ice Form                       Ice/Transmutation            4
   e - Animate Dead                   Necromancy                   4
   f - Cigotuvi's Embrace             Necromancy                   5
Comestibles
 f - 9 bread rations
 g - a meat ration
 z - 2 fruits
 E - 6 beef jerkies
 N - 2 chunks of flesh


   Skills:
 + Level 5.7 Fighting
 + Level 11.3 Long Blades
 + Level 4.4 Armour
 + Level 12.5 Shields


You had 10 spell levels left.
You didn't know any spells.

Dungeon Overview and Level Annotations

Branches:
Dungeon (10/15)            Temple (1/1) D:7             Orc (0/2) D:10
   Lair: D:8-11

Altars:
Ashenzari
Cheibriados
Dithmenos
Fedhas
Gozag
Hepliaklqana
Kikubaaqudgha
Makhleb
Qazlal
Ru
Sif Muna
Trog
Vehumet
The Shining One

Shops:
D:7 !


Innate Abilities, Weirdness & Mutations

You are under a permanent stasis effect.
You can dig through walls and to a lower floor.
Your four strong arms can wield two-handed weapons with a shield.
You have a pair of large antennae on your head. (SInv)
You cannot train Dodging skill.
You are missing an eye, making it more difficult to aim.


Message History

* * * LOW HITPOINT WARNING * * *
The iguana bites you.
* * * LOW HITPOINT WARNING * * *
The porcupine bites you!
* * * LOW HITPOINT WARNING * * *
You redirect the basilisk's attack!
The basilisk bites the crocodile!
The crocodile barely misses you. The porcupine barely misses you.
The iguana bites you!
* * * LOW HITPOINT WARNING * * *
The crocodile bites you!
* * * LOW HITPOINT WARNING * * *
The basilisk completely misses you. The crocodile bites you.
* * * LOW HITPOINT WARNING * * *
The crocodile bites you!
* * * LOW HITPOINT WARNING * * *
The crocodile bites you but does no damage.
The porcupine bites you but does no damage.
The crocodile bites you but does no damage.
The iguana bites you!
You die...

............
.{.P....P... .....
...........# ......
.P.........# ......#
...........##........
?....♣..tt.##........
l......#rtt..........
♣....lt@t...#......
..P..###ll.†.........#
... #...............#
. #......?........#
#...###..#......#
....########.#..(...#
.............#......#
.........(...#...##
..................#


You could see a basilisk, 6 crocodiles, 2 iguanas and a porcupine.

Vanquished Creatures
  Pikel (D:7)
  A troll (D:9)
  A two-headed ogre (D:9)
  A hippogriff (D:7)
  Sigmund (D:2)
  2 hungry ghosts
  Grum (D:8)
  2 wargs (D:10)
  2 water moccasins (D:7)
  3 sky beasts
  2 porcupines (D:10)
  2 ice beasts
  4 orc warriors
  An ogre (D:7)
  2 necrophages
  A phantom (D:6)
  3 centaurs
  2 wolves (D:8)
  Blork the orc (D:6)
  6 bullfrogs
  A scorpion (D:8)
  4 killer bees (D:7)
  4 wights (D:7)
  2 howler monkeys
  A crimson imp (D:5)
  2 bullfrog zombies
  2 hounds
  2 orc priests (D:6)
  A jelly (D:7)
  Crazy Yiuf (D:5)
  17 orc wizards
  7 iguanas
  8 worker ants
  2 hound zombies
  A howler monkey zombie (D:8)
  A howler monkey skeleton (D:6)
  2 river rats
  13 adders
  2 shadow imps
  An ooze (D:3)
  2 adder zombies
  2 adder skeletons
  A worm (D:2)
  4 dart slugs
  9 leopard geckos
  38 orcs
  6 giant cockroaches
  8 goblins
  10 hobgoblins
  8 jackals
  A quokka (D:3)
  A ball python (D:3)
  2 ball python skeletons
  2 bats (D:2)
  6 frilled lizards
  A giant cockroach zombie (D:5)
  A jackal zombie (D:6)
  3 kobolds
  A leopard gecko skeleton (D:6)
  A leopard gecko zombie (D:6)
  11 rats
231 creatures vanquished.

Vanquished Creatures (others)
  A scorpion (D:9)
1 creature vanquished.

Grand Total: 232 creatures vanquished

Notes
Turn   | Place    | Note
-------+----------+-------------------------------------------
     0 | D:1      | Dioneo the Formicid Fighter began the quest for the Orb.
     0 | D:1      | Reached XP level 1. HP: 18/18 MP: 1/1
   193 | D:1      | Reached XP level 2. HP: 23/24 MP: 2/2
   307 | D:1      | Reached skill level 4 in Shields
   492 | D:1      | Reached XP level 3. HP: 29/29 MP: 3/3
  1335 | D:2      | Reached XP level 4. HP: 29/35 MP: 4/4
  1451 | D:2      | Noticed Sigmund
  1488 | D:2      | Killed Sigmund
  1488 | D:2      | Reached skill level 5 in Shields
  1488 | D:2      | Reached XP level 5. HP: 19/41 MP: 5/5
  1488 | D:2      | Reached XP level 6. HP: 22/47 MP: 6/6
  2381 | D:3      | Reached skill level 6 in Shields
  2762 | D:4      | Reached skill level 5 in Long Blades
  2964 | D:4      | Found a stormy altar of Qazlal.
  2968 | D:4      | Found an opulent altar of Gozag.
  3139 | D:4      | Reached XP level 7. HP: 46/52 MP: 7/7
  4013 | D:4      | Reached skill level 7 in Shields
  4026 | D:4      | Found a burning altar of Makhleb.
  4385 | D:5      | Entered Level 5 of the Dungeon
  4711 | D:5      | Found a glowing golden altar of the Shining One.
  4797 | D:5      | Reached XP level 8. HP: 58/58 MP: 8/8
  4947 | D:5      | Found a runed door.
  4951 | D:5      | Noticed Crazy Yiuf
  4957 | D:5      | Killed Crazy Yiuf
  5042 | D:6      | Reached skill level 8 in Shields
  5470 | D:6      | Found a deep blue altar of Sif Muna.
  5803 | D:6      | Reached skill level 9 in Shields
  6017 | D:6      | Noticed Blork the orc
  6037 | D:6      | Killed Blork the orc
  6037 | D:6      | Reached XP level 9. HP: 56/64 MP: 9/9
  6401 | D:6      | Reached skill level 10 in Shields
  7388 | D:7      | Found a staircase to the Ecumenical Temple.
  7394 | Temple   | Entered the Ecumenical Temple
  7513 | Temple   | Became a worshipper of Ru the Awakened
  7767 | D:7      | Found a snail-covered altar of Cheibriados.
  7800 | D:7      | Reached skill level 11 in Shields
  8115 | D:7      | Noticed Pikel
  8144 | D:7      | Killed Pikel
  8144 | D:7      | Reached XP level 10. HP: 67/70 MP: 10/10
  8154 | D:7      | Found a shattered altar of Ashenzari.
  8402 | D:7      | Found a blossoming altar of Fedhas.
  8476 | D:7      | Reached skill level 10 in Long Blades
  8938 | D:7      | Found Veseril's Distillery.
  8942 | D:7      | Bought a potion of resistance for 150 gold pieces
  8942 | D:7      | Bought a potion of curing for 45 gold pieces
  8942 | D:7      | Bought a potion of lignification for 45 gold pieces
  8942 | D:7      | Bought a potion of curing for 45 gold pieces
  8942 | D:7      | Bought a potion of curing for 45 gold pieces
  9368 | D:8      | Found an ancient bone altar of Kikubaaqudgha.
  9368 | D:8      | Found a hazy altar of Hepliaklqana.
  9391 | D:8      | Found a radiant altar of Vehumet.
  9469 | D:8      | Found a faded altar of an unknown god.
  9469 | D:8      | Found a shadowy altar of Dithmenos.
  9475 | D:8      | Found a faded altar of an unknown god.
  9477 | D:8      | Found a faded altar of an unknown god.
  9478 | D:8      | Found a faded altar of an unknown god.
  9643 | D:8      | Gained mutation: You cannot train Dodging skill. [Ru sacrifice]
  9643 | D:8      | Reached * piety under Ru
  9763 | D:8      | Reached skill level 12 in Shields
  9981 | D:8      | Noticed Grum
 10003 | D:8      | Killed Grum
 10774 | D:9      | Reached skill level 5 in Fighting
 11276 | D:9      | Identified the Compendium of the Snowflakes and Necromancy
 11594 | D:9      | Reached XP level 11. HP: 59/79 MP: 11/11
 12001 | D:10     | Entered Level 10 of the Dungeon
 12060 | D:10     | Found a staircase to the Orcish Mines.
 12110 | D:10     | Gained mutation: You are missing an eye, making it more difficult to aim. [Ru sacrifice]
 12110 | D:10     | Reached ** piety under Ru
 12145 | D:10     | HP: 2/80 [crocodile (5)]
 12146 | D:10     | Slain by an iguana

Skill      XL: |  1  2  3  4  5  6  7  8  9 10 11 |
---------------+----------------------------------+-----
Shields        | 4 5 6 7 9 11 12 | 12.5
Long Blades    | 3 4 5 6 7 9 11 | 11.3
Fighting       | 5 |  5.7
Armour         | 4 |  4.4

Action                   |  1- 3 |  4- 6 |  7- 9 | 10-12 || total
-------------------------+-------+-------+-------+-------++-------
Melee: Long sword        |   103 |   144 |   653 |   480 ||  1380
Invok: Sacrifice Nimblen |       |       |       |     1 ||     1
       Sacrifice an Eye  |       |       |       |     1 ||     1
 Abil: Dig               |       |       |     1 |     1 ||     2
Evoke: Wand              |       |       |     1 |     2 ||     3
  Use: Scroll            |     7 |     2 |     7 |     1 ||    17
       Potion            |       |     2 |     1 |       ||     3
  Eat: Chunk             |     1 |     4 |    15 |    15 ||    35
       Beef jerky        |       |     1 |     2 |       ||     3
       Pizza             |       |       |       |     1 ||     1
Armor: Scale mail        |    42 |     9 |       |       ||    51
       Chain mail        |       |    37 |    71 |       ||   108
       Plate armour      |       |       |   161 |   152 ||   313
Dodge: Dodged            |    47 |    29 |   132 |    94 ||   302
Block: Shield            |    53 |    80 |   331 |   240 ||   704
       Rpst.: Long sword |    16 |     5 |    32 |    18 ||    71
